 Dungeon Crawl Stone Soup version 0.22.1-2-g9c5b331383 (webtiles) character file.

615 Revguard the Covered (level 7, -1/56 HPs)
             Began as a Barachi Fighter on Dec 16, 2018.
             Was an Initiate of Cheibriados.
             Slain by a quasit (2 damage)
             ... on level 4 of the Dungeon.
             The game lasted 00:11:12 (2980 turns).

Revguard the Covered (Barachi Fighter)              Turns: 2980, Time: 00:11:13

Health: -1/56      AC:  8    Str: 20    XL:     7   Next: 45%
Magic:  7/7        EV:  2    Int:  9    God:    Cheibriados [......]
Gold:   246        SH:  0    Dex: -4 (16) Spells: 3/6 levels left

rFire    . . .     SeeInvis .   a - +0 flail
rCold    . . .     Gourm    .   c - +0 shield
rNeg     . . .     Faith    .   b - +0 scale mail
rPois    .         Spirit   .   h - +0 helmet
rElec    .         Reflect  .   (no cloak)
rCorr    .         Harm     .   (no gloves)
MR       .....                  (no boots)
Stlth    ..........             (no amulet)
HPRegen  0.18/turn              m - +3 ring of dexterity
MPRegen  0.10/turn              (no ring)

@: can't hop, slowed, lost dexterity, very slow
A: +LOS, swims, slowness 1, strong legs 1
a: Hop, Bend Time, Renounce Religion


You were on level 4 of the Dungeon.
You worshipped Cheibriados.
Cheibriados was noncommittal.
You were not hungry.

You visited 2 branches of the dungeon, and saw 5 of its levels.

You collected 246 gold pieces.

Inventory:

Hand Weapons
 a - a +0 flail (weapon)
Armour
 b - a +0 scale mail (worn)
 c - a +0 shield (worn)
 h - a +0 helmet (worn)
Jewellery
 m - a +3 ring of dexterity (left hand)
Wands
 o - a wand of polymorph (3)
Scrolls
 d - 2 scrolls of fear {unknown}
 e - 4 scrolls of identify {unknown}
 g - a scroll of magic mapping {unknown}
 i - 2 scrolls of remove curse {unknown}
 j - 2 scrolls of teleportation {unknown}
 k - a scroll of immolation {unknown}
 n - a scroll of blinking {unknown}
 r - a scroll of amnesia {unknown}
Potions
 l - a potion of heal wounds
Comestibles
 f - 6 rations


   Skills:
 + Level 5.1 Fighting
 + Level 4.8 Maces & Flails
 + Level 5.9 Armour
 + Level 2.0 Dodging
 + Level 5.3 Shields


You had 3 spell levels left.
You knew the following spells:

 Your Spells              Type           Power        Failure   Level  Hunger
a - Confuse               Hex            #.......     100%        3    ####...

Your spell library contained the following spells:

 Spells                   Type           Power        Failure   Level  Hunger
 Corona                   Hex            #......      98%         1    ##.....
 Ensorcelled Hibernation  Hex/Ice        #.....       99%         2    ###....
 Dazzling Spray           Conj/Hex       #.....       100%        3    ####...
 Tukima's Dance           Hex            #.......     100%        3    ####...


Dungeon Overview and Level Annotations

Branches:
Dungeon (4/15)             Temple (1/1) D:4

Altars:
Ashenzari
Cheibriados
Dithmenos
Elyvilon
Fedhas
Gozag
Makhleb
Okawaru
Ru
Trog
Uskayaw
Vehumet
Wu Jian
Xom
Yredelemnul
The Shining One

Annotations:
D:4 1 transporter


Innate Abilities, Weirdness & Mutations

Shadows flee at your approach. (+LOS)
You can swim through water.
You cover ground slowly.
You can hop short distances.


Message History

You see here 18 gold pieces.
You now have 246 gold pieces (gained 18).
The quasit bites you but does no damage.
The quasit claws you.
* * * LOW HITPOINT WARNING * * *
You feel clumsy.
The quasit claws you but does no damage.
The quasit bites you but does no damage.
The quasit claws you but does no damage. x2
The quasit bites you but does no damage.
The quasit claws you but does no damage. x2
The quasit bites you but does no damage.
The quasit claws you but does no damage. x2
The quasit barely misses you. The quasit claws you.
* * * LOW HITPOINT WARNING * * *
You feel clumsy.
The quasit claws you but does no damage.
The quasit bites you but does no damage.
The quasit claws you.
You die...

...........###©####.......#.#
..........##.###..#####.#.#.####.
.........##......#....#..........
.........#....#...#...##..#......
.........#..##..#......#..#######
.........#©..#..©..##..#..#
........##.#.....#.....#..#
........#....###55.##.##..#
......<.##..#..$@5....#...#
.........###..#####..##.######
...........####.©.####.......#
........................####.#
............##..........#
.............#..........#
.............#.#........#
.............#.#........#
........####.#.#.#.##+#.#


You could see 3 quasits.

Vanquished Creatures
  Sigmund (D:2)
  The ghost of H0rd4k the Charlatan, an amateur HuAr (D:4)
  A black bear (D:2)
  A scorpion (D:4)
  A quasit (D:4)
  4 gnolls (D:2)
  4 adders
  An ooze (D:2)
  An adder skeleton (D:4)
  2 worms (D:2)
  5 dart slugs (D:1)
  5 leopard geckos
  7 bats
  3 giant cockroaches
  3 goblins
  6 hobgoblins
  4 jackals (D:2)
  3 quokkas
  2 ball pythons
  5 frilled lizards
  6 kobolds
  5 rats
71 creatures vanquished.

Notes
Turn   | Place    | Note
-------+----------+-------------------------------------------
     0 | D:1      | Revguard the Barachi Fighter began the quest for the Orb.
     0 | D:1      | Reached XP level 1. HP: 18/18 MP: 1/1
    44 | D:1      | Reached XP level 2. HP: 25/25 MP: 2/2
   264 | D:1      | Reached XP level 3. HP: 30/30 MP: 3/3
   592 | D:2      | Reached XP level 4. HP: 17/37 MP: 4/4
   726 | D:2      | Noticed a black bear
   747 | D:2      | Killed a black bear
   747 | D:2      | Reached skill level 1 in Dodging
   747 | D:2      | Reached XP level 5. HP: 37/43 MP: 5/5
   802 | D:2      | Noticed Sigmund
   816 | D:2      | HP: 1/43 [Sigmund/scythe (7)]
   818 | D:2      | Killed Sigmund
   818 | D:2      | Reached skill level 5 in Armour
   818 | D:2      | Reached XP level 6. HP: 2/50 MP: 6/6
  1217 | D:2      | Found a sacrificial altar of Ru.
  1320 | D:2      | Learned a level 3 spell: Confuse
  1592 | D:2      | Found a blossoming altar of Fedhas.
  1746 | D:2      | Found a sacrificial altar of Ru.
  1749 | D:2      | Found an ornate altar of the Wu Jian Council.
  1749 | D:2      | Found an ancient bone altar of Kikubaaqudgha.
  1752 | D:2      | Found a shimmering altar of Xom.
  1752 | D:2      | Found a radiant altar of Vehumet.
  1752 | D:2      | Found a hide-covered altar of Uskayaw.
  1994 | D:3      | Found an opulent altar of Gozag.
  2344 | D:3      | Found a hide-covered altar of Uskayaw.
  2509 | D:4      | Found a staircase to the Ecumenical Temple.
  2522 | Temple   | Entered the Ecumenical Temple
  2743 | Temple   | Became a worshipper of Cheibriados the Contemplative
  2795 | D:4      | Reached skill level 5 in Fighting
  2795 | D:4      | Reached skill level 5 in Shields
  2795 | D:4      | Reached XP level 7. HP: 42/56 MP: 7/7
  2848 | D:4      | Found a transporter.
  2849 | D:4      | Found a transporter.
  2849 | D:4      | Noticed H0rd4k's ghost (amateur HuAr)
  2938 | D:4      | Killed H0rd4k's ghost
  2963 | D:4      | Lost dexterity.
  2980 | D:4      | HP: 1/56 [quasit (2)]
  2980 | D:4      | Slain by a quasit

Skill      XL: |  1  2  3  4  5  6  7 |
---------------+----------------------+-----
Armour         | 4 5 |  5.9
Fighting       | 4 5 |  5.1
Maces & Flails | 3 4 |  4.8
Dodging        | 1 2 |  2.0
Shields        | 4 5 |  5.3

Action                   |  1- 3 |  4- 6 |  7- 9 || total
-------------------------+-------+-------+-------++-------
Melee: Flail             |    95 |   151 |    49 ||   295
Invok: Bend Time         |       |       |     2 ||     2
 Abil: Hop               |     1 |       |     2 ||     3
  Use: Potion            |       |     2 |     4 ||     6
  Eat: Chunk             |       |     5 |       ||     5
       Ration            |       |     1 |       ||     1
Armor: Scale mail        |    45 |    71 |   236 ||   352
       Skin              |       |       |   187 ||   187
Dodge: Dodged            |    43 |    47 |   126 ||   216
Block: Shield            |    44 |    88 |   114 ||   246
